 Dungeon Crawl Stone Soup version 0.29-a0-337-g68df138881 (webtiles) character file.

Game seed: 6302106129825317192

21 Jortsu the Covered (level 2, 19/19 HPs)
             Began as a Gargoyle Fighter on Apr 17, 2022.
             Was a Follower of Kikubaaqudgha.
             Quit the game on level 1 of the Dungeon.
             The game lasted 00:01:18 (1157 turns).

Jortsu the Covered (Gargoyle Fighter)               Turns: 1157, Time: 00:01:19

Health: 19/19      AC: 12    Str: 19    XL:     2   Next: 83%
Magic:  2/2        EV:  7    Int:  8    God:    Kikubaaqudgha [*.....]
Gold:   36         SH:  4    Dex:  9    Spells: 1/1 levels left

rFire   . . .      SeeInvis .   a - +0 flail
rCold   . . .      Faith    .   c - +0 buckler
rNeg    + . .      Spirit   .   g - +0 chain mail
rPois   ∞          Reflect  .   (no helmet)
rElec   +          Harm     .   (no cloak)
rCorr   .          Rampage  .   (no gloves)
Will    .....                   (no boots)
Stlth   ..........              (no amulet)
HPRegen 0.06/turn               (no ring)
MPRegen 0.08/turn               (no ring)

@: no status effects
A: sickness immunity, AC +2, negative energy resistance 1, electricity
resistance, torment resistance 1, petrification resistance
a: Renounce Religion, Receive Corpses


You were on level 1 of the Dungeon.
You worshipped Kikubaaqudgha.
Kikubaaqudgha was aware of your devotion.
You visited 1 branch of the dungeon, and saw 1 of its levels.

You collected 36 gold pieces.

Inventory:

Hand Weapons
 a - a +0 flail (weapon)
Armour
 b - a +0 scale mail
 c - a +0 buckler (worn)
 g - a +0 chain mail (worn)
Scrolls
 h - 2 scrolls of identify {unknown}
 i - a scroll of enchant weapon {unknown}
Potions
 d - a potion of might
 e - 3 potions of attraction {unknown}
 f - a potion of ambrosia {unknown}


   Skills:
 + Level 3.5 Fighting
 + Level 2.1 Maces & Flails
 + Level 3.7 Armour
 + Level 0.2 Dodging
 + Level 3.5 Shields


You had one spell level left.
You didn't know any spells.
Your spell library contained the following spells:

 Spells                   Type           Power      Damage    Failure   Level
 Animate Skeleton         Necr           0%         N/A       100%        1
 Pain                     Necr           0%         1d4       100%        1
 Corpse Rot               Necr/Air       0%         N/A       100%        2
 Vampiric Draining        Necr           0%         2d6       100%        3


Dungeon Overview and Level Annotations

Branches:
Dungeon (1/15)

Altars:
Kikubaaqudgha


Innate Abilities, Weirdness & Mutations

You are immune to sickness and miasma.
Your stone body is resilient. (AC +2)
You are immune to poison.
You resist negative energy. (rN+)
You are resistant to electric shocks. (rElec)
You are resistant to unholy torment.
You are immune to petrification.


Message History

The kobold burns you.
You sock the kobold!
You kill the kobold!
You see here a +2 whip of flaming.
Found a mace.
A kobold comes into view. It is wielding a +0 short sword.
The kobold shouts!
A kobold is nearby!
You block the kobold's attack.
You closely miss the kobold. The kobold barely misses you.
You thump the kobold!
You kill the kobold!
Things that are here:
a +0 short sword; a kobold corpse You see here a +0 mace.
You see here a +0 mace.
Things that are here:
a +0 short sword; a kobold corpse
There is a stone staircase leading down here.
You open the door.
There is an open door here.
There is a stone staircase leading down here.
A dart slug comes into view.
A dart slug is nearby!
The dart slug launches a dart at you. The slug dart misses you.
The dart slug launches a dart at you. The slug dart hits you.
You block the dart slug's attack.
You sock the dart slug!
You kill the dart slug!
There is an open door here.
There is a faded altar of an unknown god here.
You cannot tell which god this altar belongs to.
Convert to them anyway?
Kikubaaqudgha accepts your prayer! Kikubaaqudgha welcomes you!
You can now receive cadavers from Kikubaaqudgha.
Kikubaaqudgha grants you a gift!
You add the spells Animate Skeleton, Pain, Corpse Rot and Vampiric Draining to your library.
Are you sure you want to abandon this character and quit the game? (Confirm with "yes".)

.................................
...##..#######........##.#.######
...##+.##...##........##.#.######
.......#.....#........##.#.##...#
>............#...........#.......
.......#.....#.........###.......
.......##...##...................
....##.#######........####.......
....##..........@.....# #.......
........#...##........# #.......
....##########........# #.......
.....##########.####### #.##.###
...#.≈≈≈≈≈≈≈≈≈≈.≈≈≈≈≈≈≈ ≈≈.##.# #
...#.≈######♣##'##♣######≈.##.# #
...#.≈#<.8# ≈#'#≈♣≈#8.>#≈.##.###
####.≈#...##8##.##8##...#≈.##...'
#.≈#...'.........'...#≈.######


There were no monsters in sight!

Vanquished Creatures
  A dart slug (D:1)
  2 endoplasms (D:1)
  2 goblins (D:1)
  3 hobgoblins (D:1)
  3 kobolds (D:1)
  4 bats (D:1)
  2 frilled lizards (D:1)
  2 rats (D:1)
19 creatures vanquished.

Notes
Turn   | Place    | Note
-------+----------+-------------------------------------------
     0 | D:1      | Jortsu the Gargoyle Fighter began the quest for the Orb.
     0 | D:1      | Reached XP level 1. HP: 14/14 MP: 1/1
    49 | D:1      | Found a faded altar of an unknown god.
   449 | D:1      | Reached XP level 2. HP: 19/19 MP: 2/2
  1156 | D:1      | Prayed at the altar of an unknown god.
  1156 | D:1      | Became a worshipper of Kikubaaqudgha
  1156 | D:1      | Reached * piety under Kikubaaqudgha
  1156 | D:1      | Received a gift from Kikubaaqudgha
  1157 | D:1      | Quit the game

Illustrated notes

Levels and vault maps discovered:
D:1:      saegor_arrival_fortress, layout_basic, basic_ecumenical_altar,
          serial_bayou_ford_a, minmay_misc_feat_enclosed

Action                   || total
-------------------------++-------
Melee: Flail             ||    35
Armor: Chain mail        ||    22
       Scale mail        ||     1
Dodge: Dodged            ||    12
Block: Buckler           ||     9

Table legend: (Time is in decaauts)
 A = Elapsed time spent in this place.
 B = Non-inter-level travel time spent in this place.
 C = Inter-level travel time spent in this place.
 D = Time resting spent in this place.
 E = Time spent auto-exploring this place.
 F = Levels seen in this place.
 G = Mean time per level.
                   A        B        C        D        E       F      G
               +--------+--------+--------+--------+--------+-----+--------+
         Total |   1168 |   1168 |      0 |      0 |    899 |   1 | 1168.0 |
       Dungeon |   1168 |   1168 |      0 |      0 |    899 |   1 | 1168.0 |
               +--------+--------+--------+--------+--------+-----+--------+

Top non-repeatable levels by time:
     D:1: 1168 daAuts
